[Event "Late-Titled-Tuesday-Blitz-March-26-2024"]
[Site "Chess.com"]
[Date "2024.03.26"]
[Round "7"]
[White "kinga2008"]
[Black "Fh2411"]
[Result "1-0"]
[WhiteElo "2458"]
[BlackElo "2575"]
[TimeControl "180+1"]
[EndTime "15:17:05 PDT"]
[Termination "kinga2008 won by resignation"]

1. e4 c6 2. Nf3 d5 3. Nc3 dxe4 4. Nxe4 Nf6 5. Ng3 Bg4 6. Bc4 e6 7. O-O Nbd7 8. h3 Bxf3 9. Qxf3 Be7 10. Qe2 O-O 11.
c3 Nb6 12. Bb3 c5 13. Rd1 Qc7 14. d4 cxd4 15. cxd4 Rfd8 16. Bg5 Nbd5 17. Rac1 Qb6 18.
Ne4 Nxe4 19. Bxe7 Nxe7 20. Qxe4 Nd5 21. Rd3 Qd6 22. Rg3 Nf6 23. Qxb7 Qxd4 24. Rc7 Rf8 25. Rxf7 Rxf7 26. Qxa8+ Rf8 27. Bxe6+ 1-0

[Event "Late-Titled-Tuesday-Blitz-March-26-2024"]
[Site "Chess.com"]
[Date "2024.03.26"]
[Round "7"]
[White "wild3000"]
[Black "BebeBonito2022"]
[Result "1-0"]
[WhiteElo "2417"]
[BlackElo "2293"]
[TimeControl "180+1"]
[EndTime "15:17:06 PDT"]
[Termination "wild3000 won on time"]

1. d4 Nf6 2. Nf3 e6 3. g3 d5 4.
Bg2 b5 5. O-O Bb7 6. a4 b4 7. Nbd2 Nbd7 8. c4 c5 9. cxd5 Bxd5 10.
Re1 cxd4 11. Nxd4 Bxg2 12. Kxg2 Qb6 13. N2f3 Be7 14. Be3 Nd5 15. Bd2 O-O 16. e4 N5f6 17. Be3 Qb7 18. Bg5 h6 19. Bxf6 Nxf6 20. Qe2 Rfd8 21. Rad1 Rac8 22. Qb5 Qxb5 23. axb5 Bc5 24. Nc6 Rxd1 25. Rxd1 Nxe4 26. Rd7 Nf6 27. Rb7 a6 28.
Nfe5 axb5 29. Rxb5 Nd5 30. Rxc5 1-0

[Event "Late-Titled-Tuesday-Blitz-March-26-2024"]
[Site "Chess.com"]
[Date "2024.03.26"]
[Round "7"]
[White "dasatcu90"]
[Black "Aram7Adam"]
[Result "0-1"]
[WhiteElo "2234"]
[BlackElo "2422"]
[TimeControl "180+1"]
[EndTime "15:17:07 PDT"]
[Termination "Aram7Adam won by resignation"]

1. d4 c5 2. e3 cxd4 3. exd4 d5 4. Bd3 Nc6 5. c3 Nf6 6. Nf3 Bg4 7. h3 Bxf3 8. Qxf3 e6 9. Bg5 Be7 10. O-O h6 11. Bf4 O-O 12. Nd2 a6 13. a4 Rc8 14.
Rfe1 Na5 15. Be5 Nd7 16. Bf4 Nf6 17. Be5 Nd7 18. Bg3 Nf6 19. Bh4 Qb6 20. Rab1 Nc4 21. Nxc4 dxc4 22. Bc2 Nd5 23. Bg3 Bf6 24. Be5 Bxe5 25.
Rxe5 Nf6 26. g4 Rfd8 27. a5 Qc6 28. Qe2 Rd5 29. f4 Nd7 30. Re3 Rxa5 31. Be4 Qc7 32.
Qf3 Nf6 33. Bxb7 Rb8 34. Be4 Ra2 35. Re2 a5 36. Qg2 Qxf4 37. Rf1 Qg5 38. Bb1 Ra4 39. Re5 Qh4 40. Rf3 Ra1 41. Re1 Qxe1+ 42. Kh2 Rxb1 0-1

[Event "Late-Titled-Tuesday-Blitz-March-26-2024"]
[Site "Chess.com"]
[Date "2024.03.26"]
[Round "7"]
[White "TigrVShlyape"]
[Black "HansOnTwitch"]
[Result "1-0"]
[WhiteElo "2923"]
[BlackElo "3101"]
[TimeControl "180+1"]
[EndTime "15:17:08 PDT"]
[Termination "TigrVShlyape won by resignation"]

1. e4 c5 2. Nf3 d6 3. d4 cxd4 4. Nxd4 Nf6 5. Nc3 a6 6. a4 g6 7. Be2 Bg7 8. O-O O-O 9. Be3 Nc6 10. Qd2 Bd7 11. Rfd1 Rc8 12. f3 Ne5 13. a5 Nc4 14. Bxc4 Rxc4 15. Nde2 Re8 16. Ra2 Qc8 17. b3 Rc6 18. Na4 Be6 19. Nb6 Qb8 20. Nd4 Rc7 21. c4 Nd7 22. Nd5 Bxd5 23. exd5 Nc5 24. Qb4 e5 25. dxe6 Nxe6 26. Rad2 Nc5 27. Bf2 Bh6 28. Re2 Rce7 29. Rxe7 Rxe7 30. Nc6 Qe8 31. Nxe7+ Qxe7 32. Re1 Ne6 33. Bg3 Bf8 34. Qb6 h5 35. h4 Qf6 36.
Qxb7 Qd4+ 37. Kh1 g5 38. Qe4 Qc5 39. Qd5 1-0

[Event "Late-Titled-Tuesday-Blitz-March-26-2024"]
[Site "Chess.com"]
[Date "2024.03.26"]
[Round "7"]
[White "crazycheesecake"]
[Black "lluiss"]
[Result "0-1"]
[WhiteElo "1984"]
[BlackElo "2224"]
[TimeControl "180+1"]
[EndTime "15:17:09 PDT"]
[Termination "lluiss won by checkmate"]

1. e4 c5 2. Nf3 d6 3. d4 cxd4 4. Nxd4 Nf6 5. Nc3 g6 6. Be3 Bg7 7. f3 O-O 8. Qd2 Nc6 9. O-O-O Nxd4 10. Bxd4 Be6 11. Kb1 Qc7 12. a3 Rfc8 13. g4 Qa5 14. h4 Bc4 15. Bxc4 Rxc4 16. h5 Nxe4 17. Qe2 Rxd4 18.
Rxd4 Ng3 19. Qh2 Bxd4 20. Qxg3 Bxc3 21. hxg6 hxg6 22. Qh3 Bg7 23. Qh7+ Kf8 24. f4 Qb5 25. b3 Rc8 26. f5 Qe2 27. fxg6 Qxc2# 0-1

[Event "Late-Titled-Tuesday-Blitz-March-26-2024"]
[Site "Chess.com"]
[Date "2024.03.26"]
[Round "7"]
[White "campochess"]
[Black "AlejandroArias"]
[Result "1/2-1/2"]
[WhiteElo "2165"]
[BlackElo "2347"]
[TimeControl "180+1"]
[EndTime "15:17:11 PDT"]
[Termination "Game drawn by repetition"]

1. e4 c5 2. b4 cxb4 3. d4 Nf6 4. Bd3 Nc6 5. Bb2 d5 6. e5 Nd7 7. f4 Nb6 8. Nd2 Na4 9. Qc1 Qb6 10. Ngf3 Bg4 11.
a3 e6 12. axb4 Nxb2 13. Qxb2 Bxf3 14. Nxf3 Qxb4+ 15. Qxb4 Bxb4+ 16. Ke2 O-O 17. Rhb1 a5 18. Bb5 Rab8 19. Rb3 Na7 20. c3 Bxc3 21. Rxc3 Nxb5 22. Rc5 Na7 23. Rcxa5 Nc6 24. Rb5 h5 25. Rab1 Kh7 26.
Rxb7 Kg6 27. g3 Kf5 28. Ke3 Kg4 29. Ng5 Rxb7 30. Rxb7 Rb8 31. Rxb8 Nxb8 32. Nxf7 Nc6 33. Ng5 Kf5 34. h3 Nb4 35. Nf7 Nc2+ 36. Kd3 Nb4+ 37. Ke3 Nc2+ 38. Kd3 Nb4+ 39. Ke3 1/2-1/2

[Event "Late-Titled-Tuesday-Blitz-March-26-2024"]
[Site "Chess.com"]
[Date "2024.03.26"]
[Round "7"]
[White "Andrey_Klymchuk"]
[Black "ckgchess"]
[Result "0-1"]
[WhiteElo "2713"]
[BlackElo "2936"]
[TimeControl "180+1"]
[EndTime "15:17:12 PDT"]
[Termination "ckgchess won by checkmate"]

1. e4 c5 2. Nf3 d6 3. d4 cxd4 4. Nxd4 Nf6 5. f3 e5 6. Bb5+ Nbd7 7. Nf5 d5 8. exd5 a6 9. Ba4 b5 10. Bb3 Nc5 11. Ne3 Bd6 12. Nc3 e4 13. O-O O-O 14.
fxe4 Nfxe4 15. Qh5 g6 16. Qh6 Nxc3 17. bxc3 Re8 18. c4 Bf8 19. Qf4 Ra7 20. Bb2 Re4 21. Qf3 Qb6 22. Rae1 bxc4 23. Nxc4 Rxc4 24. Kh1 Nxb3 25.
cxb3 Rc2 26. Bf6 Bf5 27. Re8 Qxf6 28. d6 Qxd6 29. Rd1 Qc6 30. Qe3 Qxg2# 0-1

[Event "Late-Titled-Tuesday-Blitz-March-26-2024"]
[Site "Chess.com"]
[Date "2024.03.26"]
[Round "7"]
[White "simaopdias"]
[Black "Supelyel"]
[Result "0-1"]
[WhiteElo "2287"]
[BlackElo "2407"]
[TimeControl "180+1"]
[EndTime "15:17:13 PDT"]
[Termination "Supelyel won by resignation"]

1. e4 d6 2. Nc3 Nf6 3. d4 e5 4.
dxe5 dxe5 5. Qxd8+ Kxd8 6. Nf3 Bd6 7. Bc4 Be6 8. Bxe6 fxe6 9. Bg5 a6 10. O-O-O Nd7 11.
a3 Ke7 12. h3 h6 13. Be3 g5 14.
Nd2 Nh5 15. Ne2 Nf4 16. Bxf4 exf4 17. Nc4 Ne5 18. Nxd6 cxd6 19. Nd4 Rac8 20. b3 Rc3 21. Kb2 Rhc8 22. Rd2 f3 23. g3 R3c5 24. h4 g4 25. Rhd1 h5 26. Re1 Rc3 27. Red1 R8c7 28. Re1 Kf6 29. Red1 Nf7 30. Re1 Ke5 31. Red1 b5 32. Re1 R3c5 33. Re3 Nd8 34. Rdd3 Nc6 35. Nxc6+ R7xc6 36. c3 a5 37. b4 Rc4 38. Rd4 Rxd4 39. cxd4+ Kxd4 40. Re1 axb4 41. axb4 Ke5 42. Kb3 Rc4 0-1

[Event "Late-Titled-Tuesday-Blitz-March-26-2024"]
[Site "Chess.com"]
[Date "2024.03.26"]
[Round "7"]
[White "Shankland"]
[Black "Revan_2002"]
[Result "1-0"]
[WhiteElo "2915"]
[BlackElo "2651"]
[TimeControl "180+1"]
[EndTime "15:17:15 PDT"]
[Termination "Shankland won on time"]

1. e4 e5 2. Nf3 Nc6 3. Bc4 Bc5 4. c3 Nf6 5. d4 exd4 6. cxd4 Bb4+ 7. Bd2 Bxd2+ 8.
Nbxd2 d5 9. exd5 Nxd5 10. O-O O-O 11. Rc1 Nce7 12. Ne5 c6 13. Ne4 f6 14. Nd3 Kh8 15. Bb3 Bf5 16. Re1 Re8 17. Qf3 a5 18. a3 Bxe4 19. Rxe4 a4 20. Ba2 Ng6 21. Rxe8+ Qxe8 22. Bxd5 cxd5 23. Qxd5 Qe2 24. Qxb7 Re8 25. Qf3 Qxf3 26.
gxf3 Nh4 27. d5 Nxf3+ 28. Kg2 Nd4 29. d6 Rd8 30. d7 Kg8 31. Rc8 Ne6 32. Nc5 Kf7 33.
Nxe6 Rxd7 34. Nc5 Rd4 35. Rb8 Rc4 36. Rb7+ Kg6 37. Ne6 Kf5 38. Nxg7+ Ke5 39. Rb5+ Kd6 40. Ne8+ Ke7 41. Ng7 Rg4+ 42. Kf3 Rxg7 43. Rb4 Ke6 44. Rxa4 Rb7 45. Rb4 Rd7 46. a4 Kf5 47. Rb5+ Kg6 48. a5 Rd4 49. b4 f5 50. a6 1-0

[Event "Late-Titled-Tuesday-Blitz-March-26-2024"]
[Site "Chess.com"]
[Date "2024.03.26"]
[Round "7"]
[White "RianKapriaga"]
[Black "RantomOpening"]
[Result "1/2-1/2"]
[WhiteElo "2350"]
[BlackElo "2566"]
[TimeControl "180+1"]
[EndTime "15:17:16 PDT"]
[Termination "Game drawn by agreement"]

1. d4 d5 2. Nf3 Bg4 3. e3 Nd7 4. Be2 e6 5. Nbd2 c6 6. b3 Ngf6 7. Bb2 Bb4 8. O-O O-O 9. a3 Bd6 10. c4 Ne4 11. h3 Nxd2 12. Qxd2 Bxf3 13. Bxf3 f5 14. c5 Bb8 15. b4 e5 16. a4 Qc7 17. g3 e4 18. Bg2 Rf6 19. b5 Rg6 20. Rfb1 h5 21. h4 Nf6 22. Bc3 Ng4 23. b6 axb6 24. cxb6 Qe7 25. Bb4 Bd6 26. Bxd6 Qxd6 27. a5 Ra6 28. Bf1 Ra8 29. a6 Qb8 30. axb7 Rxa1 31. Rxa1 Qxb7 32. Qb4 f4 33. exf4 e3 1/2-1/2

[Event "Late-Titled-Tuesday-Blitz-March-26-2024"]
[Site "Chess.com"]
[Date "2024.03.26"]
[Round "7"]
[White "banane_verte"]
[Black "Chempiblinka"]
[Result "1-0"]
[WhiteElo "2533"]
[BlackElo "2384"]
[TimeControl "180+1"]
[EndTime "15:17:17 PDT"]
[Termination "banane_verte won by resignation"]

1. d4 Nf6 2. c4 g6 3. Nc3 Bg7 4.
e4 d6 5. Nf3 O-O 6. Be2 Bg4 7.
O-O Nfd7 8. Be3 Nc6 9. d5 Bxf3 10. Bxf3 Na5 11. Be2 Bxc3 12. bxc3 c5 13. f4 b6 14. e5 dxe5 15. f5 Nb7 16. Bh6 Re8 17. Bg4 Nd6 18. fxg6 hxg6 19. Qf3 Nf6 20. Rae1 e4 21.
Qg3 Nxc4 22. Be6 Ne5 23. Qxe5 fxe6 24. Qxe6+ Kh8 25. Rf4 Qxd5 26. Rxf6 Qxe6 27. Rxe6 Rad8 28.
R1xe4 Rd1+ 29. Re1 Kh7 30. Rxd1 Kxh6 31. Rd7 Rf8 32. Rdxe7 Rf4 33. Rd7 Ra4 34. Rdd6 Rxa2 35.
Rxg6+ 1-0

[Event "Late-Titled-Tuesday-Blitz-March-26-2024"]
[Site "Chess.com"]
[Date "2024.03.26"]
[Round "7"]
[White "Tol_Tol"]
[Black "ploxoi"]
[Result "0-1"]
[WhiteElo "2297"]
[BlackElo "2426"]
[TimeControl "180+1"]
[EndTime "15:17:19 PDT"]
[Termination "ploxoi won on time"]

1. d4 d5 2. c4 e6 3. Nc3 c6 4.
Nf3 dxc4 5. a4 Bb4 6. e3 b5 7. Bd2 a5 8. axb5 Bxc3 9. Bxc3 cxb5 10. b3 Bb7 11. bxc4 b4 12. Bb2 Ne7 13. Bd3 O-O 14.
O-O h6 15. e4 Nbc6 16. d5 exd5 17. exd5 Na7 18. Nh4 Nxd5 19. Qg4 Nf6 20. Qf5 Bc8 21. Qf3 Bg4 22. Qg3 Be6 23. Rfd1 Nh5 24. Qe5 Qxh4 25. Rxa5 Qg4 26. f3 Qg5 27. Qc7 Qe3+ 28. Kh1 Nf4 29. Bd4 Qxd3 30. Rxd3 Nxd3 31. Rxa7 b3 32. Qe5 Nxe5 0-1

[Event "Late-Titled-Tuesday-Blitz-March-26-2024"]
[Site "Chess.com"]
[Date "2024.03.26"]
[Round "7"]
[White "katharinareinecke"]
[Black "martinmena"]
[Result "1-0"]
[WhiteElo "2005"]
[BlackElo "2213"]
[TimeControl "180+1"]
[EndTime "15:17:19 PDT"]
[Termination "katharinareinecke won by resignation"]

1. d4 d5 2. c4 e6 3. Nf3 Nf6 4. g3 Be7 5. Bg2 O-O 6. O-O dxc4 7. Ne5 Nc6 8. Nxc6 bxc6 9. Na3 Rb8 10. Nxc4 c5 11. dxc5 Bxc5 12. e3 Bb7 13. Bxb7 Rxb7 14. b3 Ne4 15. Bb2 Nd6 16. Qg4 g6 17. Rfd1 Qe7 18. Ne5 Nf5 19. Qh3 Qg5 20. Ng4 f6 21. f4 Qh5 22. Qxh5 gxh5 23. Nxf6+ Rxf6 24. Bxf6 Nxe3 25.
Bd4 Nc2 26. Bxc5 Nxa1 27. Rxa1 Rb5 28. Rc1 c6 29. b4 Ra5 30. bxa5 1-0

[Event "Late-Titled-Tuesday-Blitz-March-26-2024"]
[Site "Chess.com"]
[Date "2024.03.26"]
[Round "7"]
[White "Gravity_Chess"]
[Black "xasid81"]
[Result "1-0"]
[WhiteElo "2833"]
[BlackElo "2624"]
[TimeControl "180+1"]
[EndTime "15:17:21 PDT"]
[Termination "Gravity_Chess won by resignation"]

1. c4 e6 2. Nc3 d5 3. d4 Nf6 4. cxd5 exd5 5. Bg5 Be7 6. e3 h6 7. Bh4 O-O 8. Bd3 b6 9. Nge2 Bb7 10. O-O c5 11. Rc1 Nbd7 12. h3 a6 13. Bg3 c4 14. Bf5 b5 15. a3 Re8 16. f3 Nf8 17. Bb1 Bd6 18. Bf2 Bc7 19. Qc2 Qd6 20. Bg3 Qe7 21.
Bf2 Bc6 22. Rce1 a5 23. e4 dxe4 24. fxe4 Nxe4 25. Ng3 f5 26. Nxf5 Qg5 27. Bh4 Qd2 28.
Nxe4 Qxc2 29. Bxc2 b4 30. Ne7+ 1-0

[Event "Late-Titled-Tuesday-Blitz-March-26-2024"]
[Site "Chess.com"]
[Date "2024.03.26"]
[Round "7"]
[White "WindWhistler11"]
[Black "jinbojinbo"]
[Result "0-1"]
[WhiteElo "2463"]
[BlackElo "2647"]
[TimeControl "180+1"]
[EndTime "15:17:21 PDT"]
[Termination "jinbojinbo won by resignation"]

1. Nf3 Nf6 2. g3 d5 3. Bg2 Bf5 4. c4 e6 5. d3 h6 6. Qb3 b6 7. cxd5 exd5 8. Nc3 c6 9. Bf4 Be7 10. O-O O-O 11. Rfe1 Bh7 12. e4 d4 13. Nb1 Na6 14. Ne5 Nc5 15. Qc2 Rc8 16. Bh3 Ne6 17. Bxe6 fxe6 18. Qb3 Kh8 19. Qxe6 Qe8 20. Qb3 g5 21.
Bd2 Bd6 22. Nc4 Bb8 23. e5 Ng4 24. f4 Qh5 25. Re2 gxf4 26. Bxf4 Ne3 27. Rxe3 dxe3 28. Nxe3 Rxf4 29. gxf4 Rg8+ 30. Ng2 Qe2 0-1

[Event "Late-Titled-Tuesday-Blitz-March-26-2024"]
[Site "Chess.com"]
[Date "2024.03.26"]
[Round "7"]
[White "kingofthenil"]
[Black "Keks2017"]
[Result "1-0"]
[WhiteElo "2769"]
[BlackElo "2578"]
[TimeControl "180+1"]
[EndTime "15:17:34 PDT"]
[Termination "kingofthenil won by resignation"]

1. e4 d6 2. d4 Nf6 3. Nc3 e5 4. Nge2 Nbd7 5. h3 Be7 6. g4 c6 7. Bg2 b5 8. Ng3 g6 9. g5 Ng8 10. h4 a6 11. Be3 Bb7 12. Qd2 Qc7 13. O-O-O O-O-O 14. h5 b4 15. Nce2 c5 16. dxc5 Nxc5 17. Qxb4 d5 18. Qc3 d4 19. Nxd4 exd4 20. Rxd4 Rxd4 21.
Bxd4 f6 22. gxf6 Nxf6 23. hxg6 Ncd7 24. Qb3 h6 25. Nf5 Bd8 26. g7 Rg8 27. Rxh6 Rxg7 28. Nxg7 Qf4+ 29. Be3 Qg4 30. Nf5 Bxe4 31. Nd6+ Kc7 32. Nxe4 Nxe4 33. Qc4+ Ndc5 34. Qf7+ Kb8 35. Qf4+ Qxf4 36. Bxf4+ Bc7 37. Bxc7+ Kxc7 38. b4 1-0

[Event "Late-Titled-Tuesday-Blitz-March-26-2024"]
[Site "Chess.com"]
[Date "2024.03.26"]
[Round "7"]
[White "rikchessmx"]
[Black "Laico"]
[Result "0-1"]
[WhiteElo "2289"]
[BlackElo "2412"]
[TimeControl "180+1"]
[EndTime "15:17:40 PDT"]
[Termination "Laico won on time"]

1. e4 e6 2. d4 d5 3. Nc3 Nf6 4.
Bg5 Be7 5. e5 Nfd7 6. h4 O-O 7.
Qg4 Kh8 8. Nf3 c5 9. dxc5 Nc6 10. Bxe7 Qxe7 11. Qg3 Nxc5 12. O-O-O a6 13. Bd3 b5 14. Ng5 h6 15. Nh7 Nxd3+ 16. Qxd3 Nb4 17. Qd4 Kxh7 18. g4 Nc6 19. Qf4 f6 20. g5 fxe5 21. Qg4 Rf4 22. Qg3 Nd4 23. Rdg1 h5 24. a3 a5 25. Qd3+ Kg8 26.
Qd1 b4 27. Qxh5 bxc3 28. g6 Qf6 29. Rg5 cxb2+ 30. Kb1 Nb5 31. Rxe5 Rb8 32. Rh3 Rxf2 33. Kxb2 Nd4+ 34. Kc3 Nf5 0-1

[Event "Late-Titled-Tuesday-Blitz-March-26-2024"]
[Site "Chess.com"]
[Date "2024.03.26"]
[Round "7"]
[White "DrVelja"]
[Black "aa175"]
[Result "1-0"]
[WhiteElo "3028"]
[BlackElo "2756"]
[TimeControl "180+1"]
[EndTime "15:17:42 PDT"]
[Termination "DrVelja won by resignation"]

1. e4 e5 2. Nf3 Nf6 3. d4 Nxe4 4. Bd3 d5 5. Nxe5 Nd7 6. Nc3 Nxe5 7. dxe5 Bb4 8. O-O Nxc3 9. bxc3 Bxc3 10. Rb1 O-O 11. Bxh7+ Kxh7 12. Qd3+ Kg8 13. Qxc3 a5 14. Qd3 Qd7 15. Rd1 Qa4 16. Bg5 Ra6 17. h3 Rc6 18.
Qg3 Qxc2 19. Rbc1 Qg6 20. Rxc6 bxc6 21. Qh4 Bf5 22. Re1 Re8 23. Re3 Qh7 24. Qd4 Be4 25. Rg3 Qf5 26. Bf6 g6 27. Qe3 Qh5 28. Rg4 Bf5 29. Rh4 Qd1+ 30. Kh2 1-0

[Event "Late-Titled-Tuesday-Blitz-March-26-2024"]
[Site "Chess.com"]
[Date "2024.03.26"]
[Round "7"]
[White "kids2010"]
[Black "Hrant_ChessMood"]
[Result "0-1"]
[WhiteElo "2815"]
[BlackElo "2955"]
[TimeControl "180+1"]
[EndTime "15:17:42 PDT"]
[Termination "Hrant_ChessMood won by checkmate"]

1. e4 c6 2. Nf3 d5 3. d3 g6 4.
e5 Bg4 5. d4 e6 6. Nbd2 c5 7. c3 Nc6 8. h3 Bxf3 9. Nxf3 Bg7 10.
Be2 Nge7 11. O-O Qb6 12. b3 cxd4 13. cxd4 O-O 14. Bb2 Rfc8 15. Qd2 a5 16. g4 a4 17. Ba3 axb3 18. Bc5 Qa5 19. Qxa5 Rxa5 20. axb3 Rxc5 21. dxc5 Nxe5 22. Nxe5 Bxe5 23. Ra5 Nc6 24. Rb5 Nd4 25. f4 Nxe2+ 26. Kf2 Nxf4 27. b4 Rc7 28. Ke3 g5 29. h4 Ng2+ 30. Kd3 gxh4 31. Rh1 h3 32. Rb6 h2 33. Rc1 Nf4+ 34. Ke3 Nh3 35. Rh1 d4+ 36.
Kf3 d3 37. Kg2 Nf4+ 38. Kf3 Nd5 39. Ke4 Nxb6 40. cxb6 Rd7 41. Kxe5 d2 42. Kf6 d1=Q 43. g5 Qd4# 0-1

[Event "Late-Titled-Tuesday-Blitz-March-26-2024"]
[Site "Chess.com"]
[Date "2024.03.26"]
[Round "7"]
[White "AccioChess"]
[Black "N_I_Chess"]
[Result "0-1"]
[WhiteElo "2495"]
[BlackElo "2339"]
[TimeControl "180+1"]
[EndTime "15:17:42 PDT"]
[Termination "N_I_Chess won by resignation"]

1. e4 Nf6 2. e5 Nd5 3. d4 d6 4.
c4 Nb6 5. exd6 cxd6 6. Nc3 g6 7. Be3 Bg7 8. Rc1 O-O 9. b3 Bf5 10. Nf3 d5 11. c5 Nc8 12. Be2 Nc6 13. O-O Bg4 14. h3 Bxf3 15. Bxf3 e6 16. a3 N8e7 17. b4 a6 18. g4 f5 19. Ne2 fxg4 20. Bxg4 Nf5 21. Bxf5 Rxf5 22. Ng3 Rf7 23. Qg4 Qf6 24.
Ne2 e5 25. Rcd1 Re8 26. Qg2 e4 27. Nf4 Qf5 28. f3 Bh6 29. Nxd5 exf3 30. Rxf3 Qxd5 31. Rxf7 Bxe3+ 32. Rf2 Qxg2+ 33. Kxg2 Bxf2 34. Kxf2 Kf7 35. d5 Ne5 36. d6 Ke6 37. Ke3 Rf8 38. Rd4 Rf3+ 39.
Ke4 Rxh3 40. Rd1 Rxa3 41. Rh1 h5 42. Rg1 Rb3 43. Rg5 Rxb4+ 44. Ke3 Rg4 0-1

[Event "Late-Titled-Tuesday-Blitz-March-26-2024"]
[Site "Chess.com"]
[Date "2024.03.26"]
[Round "7"]
[White "MathiasWomacka"]
[Black "varunkrishnanchess"]
[Result "0-1"]
[WhiteElo "2482"]
[BlackElo "2634"]
[TimeControl "180+1"]
[EndTime "15:17:43 PDT"]
[Termination "varunkrishnanchess won on time"]

1. e4 e5 2. Nf3 Nc6 3. Bb5 a6 4. Bxc6 dxc6 5. O-O Bg4 6. h3 h5 7. d3 Qf6 8. Nbd2 O-O-O 9. hxg4 hxg4 10. Nh2 Nh6 11.
Nc4 Qh4 12. Bxh6 f5 13. Nxe5 Rxh6 14. Nexg4 Bd6 15. f4 Bc5+ 16. Rf2 Bxf2+ 17. Nxf2 Qxh2+ 18. Kf1 Qxf4 19. Qf3 Qxf3 20. gxf3 fxe4 21. fxe4 Rf8 22. Ke2 Rh2 23. Rf1 g5 24. Ke3 g4 25. Nxg4 Rxf1 26. Nxh2 Ra1 27. Kd2 Rxa2 28. b3 b5 29. Nf3 a5 30. Nd4 Kd7 31. e5 Ra1 32. Ke3 a4 33. bxa4 bxa4 34. Kd2 a3 35. Kc3 Rb1 36. Nb3 a2 37. d4 a1=Q+ 38. Nxa1 Rxa1 0-1

[Event "Late-Titled-Tuesday-Blitz-March-26-2024"]
[Site "Chess.com"]
[Date "2024.03.26"]
[Round "7"]
[White "vladislavkovalev"]
[Black "Msb2"]
[Result "0-1"]
[WhiteElo "2881"]
[BlackElo "3035"]
[TimeControl "180+1"]
[EndTime "15:17:45 PDT"]
[Termination "Msb2 won on time"]

1. e4 e6 2. d4 d5 3. exd5 exd5 4.
Nf3 Nc6 5. Bd3 Nb4 6. O-O Nxd3 7. Qxd3 Bd6 8. Nc3 c6 9. Ne2 Qc7 10. Ng3 Ne7 11. b3 O-O 12. c4 dxc4 13. bxc4 Ng6 14.
Re1 Bg4 15. h3 Be6 16. Nf5 Bb4 17. Bd2 Bxd2 18. Nxd2 Rad8 19. Nf3 Nf4 20. Qc2 h6 21. Re3 Qd7 22. Ng3 Bxh3 23. gxh3 Qxh3 24. Ne1 Rxd4 25.
Rd1 Rxd1 26. Qxd1 Qh4 27. Qf3 Nh3+ 28. Kg2 Ng5 29. Qe2 Ne6 0-1

[Event "Late-Titled-Tuesday-Blitz-March-26-2024"]
[Site "Chess.com"]
[Date "2024.03.26"]
[Round "7"]
[White "prochn"]
[Black "reevecanada"]
[Result "1-0"]
[WhiteElo "2521"]
[BlackElo "2660"]
[TimeControl "180+1"]
[EndTime "15:17:45 PDT"]
[Termination "prochn won by resignation"]

1. d4 Nf6 2. c4 c5 3. d5 g6 4. g3 Bg7 5. Bg2 O-O 6. Nf3 d6 7. O-O a6 8. Nc3 Nbd7 9. e4 b5 10. cxb5 axb5 11. Re1 b4 12. Nb1 Ba6 13. Nbd2 Ne8 14. Qc2 Nc7 15. Rb1 Bb5 16. b3 Nb6 17.
Nc4 Nxc4 18. bxc4 Ba4 19. Qd3 Qc8 20. Bb2 Bd7 21. Bxg7 Kxg7 22. Rb2 f6 23. Nd2 Ra3 24. Qb1 Qa6 25. f4 Ra8 26. e5 Rxa2 27. exd6 Bf5 28. Qxa2 Qxa2 29. Rxa2 Rxa2 30. dxc7 Rxd2 31. Rxe7+ Kf8 32.
Rxh7 b3 33. Be4 Kg8 34. Bxf5 Kxh7 35. c8=Q gxf5 36. Qb7+ Kg6 37. Qxb3 Kh5 38. Qf3+ Kg6 39. Qe3 Rd4 40. Qe8+ Kg7 41. d6 Rd1+ 42. Kf2 Rd2+ 43. Ke1 Rd4 44. d7 Rxc4 45. d8=Q Re4+ 46. Qxe4 fxe4 47.
Qe7+ 1-0

[Event "Late-Titled-Tuesday-Blitz-March-26-2024"]
[Site "Chess.com"]
[Date "2024.03.26"]
[Round "7"]
[White "eljanov"]
[Black "Koalaskakistis"]
[Result "1/2-1/2"]
[WhiteElo "2908"]
[BlackElo "2507"]
[TimeControl "180+1"]
[EndTime "15:17:46 PDT"]
[Termination "Game drawn - insufficient material"]

1. d4 f5 2. Bg5 h6 3. Bh4 g5 4. e3 Nf6 5. Bg3 d6 6. Nc3 e6 7. h4 Rg8 8. Bc4 Qe7 9. Nf3 Nbd7 10.
hxg5 hxg5 11. Qe2 Nb6 12. Bb3 Bd7 13. a4 a6 14. a5 Nbd5 15. Nxd5 exd5 16. c4 Ne4 17.
cxd5 Bb5 18. Bc4 Bxc4 19. Qxc4 f4 20. Bh2 g4 21. Bxf4 gxf3 22. gxf3 Ng5 23. Bxg5 Rxg5 24. b4 Qf7 25. Ke2 Rxd5 26. Rac1 Rf5 27. Qxc7 Rxf3 28. Qxf7+ Rxf7 29. f4 d5 30. Rb1 Rc8 31. b5 Re7 32. bxa6 bxa6 33. Rh5 Rc3 34. Re5 Rxe5 35.
fxe5 Bh6 36. Rb8+ Ke7 37. Rb7+ Ke8 38. Rb8+ Kd7 39. Rb6 Bxe3 40. Rxa6 Bxd4 41. Rd6+ Ke7 42. Rxd5 Re3+ 43. Kd2 Rxe5 44. Rxd4 Rxa5 45. Rd3 Ra6 46. Re3+ Re6 47. Rxe6+ Kxe6 1/2-1/2

[Event "Late-Titled-Tuesday-Blitz-March-26-2024"]
[Site "Chess.com"]
[Date "2024.03.26"]
[Round "7"]
[White "CarlosjPineror"]
[Black "noblerone"]
[Result "1-0"]
[WhiteElo "2728"]
[BlackElo "2545"]
[TimeControl "180+1"]
[EndTime "15:17:46 PDT"]
[Termination "CarlosjPineror won by resignation"]

1. e4 c5 2. Nf3 e6 3. g3 Nc6 4. Bg2 Nf6 5. Qe2 d6 6. O-O Be7 7.
c3 e5 8. h3 O-O 9. d4 h6 10. Rd1 Qc7 11. Na3 a6 12. dxe5 dxe5 13. Nc4 Be6 14. Nh4 Rad8 15. Bd2 Nh7 16. Nf5 Bf6 17.
Nce3 Ne7 18. Nxe7+ Qxe7 19. h4 Qc7 20. c4 Rd4 21.
Nd5 Bxd5 22. cxd5 b5 23. Bc3 Qd6 24. Bxd4 cxd4 25. Rac1 g5 26. Rc6 Qd8 27. hxg5 Bxg5 28. Bh3 Nf6 29. Bf5 Ne8 30. Rxa6 Ng7 31. Bh3 Qc7 32. Rc6 Qa7 33. a3 b4 34. axb4 Qa2 35. b5 Qb3 36. b6 Ne8 37. Rd3 Qb5 38. Qc2 Nf6 39. Bf5 Qa5 40. Kg2 Qe1 41. Rd1 Qa5 42.
b7 Qb4 43. Rc8 Qxb7 44. Rxf8+ Kxf8 45. Qc8+ Kg7 46. Qxb7 1-0

[Event "Late-Titled-Tuesday-Blitz-March-26-2024"]
[Site "Chess.com"]
[Date "2024.03.26"]
[Round "7"]
[White "rdarruda"]
[Black "CrushingKings"]
[Result "0-1"]
[WhiteElo "2521"]
[BlackElo "2570"]
[TimeControl "180+1"]
[EndTime "15:17:47 PDT"]
[Termination "CrushingKings won by resignation"]

1. d4 g6 2. e4 Bg7 3. Nc3 c6 4. Nf3 d5 5. e5 f6 6. exf6 Nxf6 7. Bd3 Bg4 8. h3 Bxf3 9. Qxf3 O-O 10. Qe2 Qd6 11. O-O Nbd7 12. Re1 Rae8 13. Qe6+ Qxe6 14. Rxe6 Nh5 15. Ne2 Kf7 16. Re3 e5 17. dxe5 Nxe5 18. Kf1 Kg8 19. g4 Nf6 20. Kg2 c5 21. Bb5 d4 22. Ra3 Re7 23. f4 Nc6 24. Ng3 a6 25. Bc4+ Kh8 26. Bd2 Rfe8 27. Rf3 b5 28. Bf1 Nd5 29.
a4 c4 30. axb5 axb5 31. Rd1 Ncb4 32. c3 Nc2 33. Kg1 d3 34. Bg2 Nde3 35. Nf1 Nxd1 0-1

[Event "Late-Titled-Tuesday-Blitz-March-26-2024"]
[Site "Chess.com"]
[Date "2024.03.26"]
[Round "7"]
[White "Boninknights"]
[Black "subham777"]
[Result "0-1"]
[WhiteElo "2389"]
[BlackElo "2550"]
[TimeControl "180+1"]
[EndTime "15:17:47 PDT"]
[Termination "subham777 won by resignation"]

1. d4 d5 2. Nf3 Nf6 3. c4 e6 4.
Nc3 Be7 5. Bg5 Ne4 6. Bxe7 Qxe7 7. cxd5 Nxc3 8. bxc3 exd5 9. Qb3 c6 10. e3 O-O 11. c4 dxc4 12. Bxc4 Nd7 13. O-O Nb6 14. Bd3 Be6 15. Qc2 h6 16. Rab1 Rfe8 17. Rfc1 Bd5 18. Ne1 Rad8 19. Bf1 Nc8 20. Qc5 Qxc5 21. Rxc5 b6 22.
Rcc1 Bxa2 23. Rb2 Bd5 24. Nd3 Nd6 25. Nb4 Rc8 26. Rbc2 Be4 27. Rc3 a5 28. Nxc6 a4 29. f3 Bxc6 30. Rxc6 Rxc6 31. Rxc6 a3 32. Rxb6 Ra8 33.
Rb1 a2 34. Ra1 Ra3 35. e4 Ra4 36. d5 Nb7 37. e5 Nc5 38. d6 Kf8 39. Bb5 Nb3 40.
Bxa4 Nxa1 41. Kf2 Nb3 42. Bxb3 a1=Q 0-1